 Dungeon Crawl Stone Soup version 0.25-a0-578-gc91f01c39c (webtiles) character file.

Game seed: 1790133815666366053, levelgen mode: classic

236532 EnegeticOcto the Pandemonic (level 18, -3/210 HPs)
             Began as a Deep Dwarf Fighter on Mar 4, 2020.
             Was a High Priest of Makhleb.
             Slain by a spark wasp (10 damage)
             ... on level 5 of the Depths.
             The game lasted 00:21:32 (17955 turns).

EnegeticOcto the Pandemonic (Deep Dwarf Fighter)   Turns: 17955, Time: 00:21:32

Health: -3/210     AC: 27    Str: 27      XL:     18   Next: 1%
Magic:  8/8        EV:  7    Int:  7      God:    Makhleb [*****.]
Gold:   342        SH: 18    Dex: 12 (13) Spells: 17/17 levels left

rFire    + . .     SeeInvis +   a - +4 broad axe (freeze)
rCold    . . .     Gourm    .   c - +0 kite shield
rNeg     + + +     Faith    .   J - +0 plate armour "Leas" {rN++ rCorr Slay+2}
rPois    +         Spirit   .   q - +0 helmet
rElec    .         Reflect  .   O - +2 cloak
rCorr    +         Harm     .   M - +1 pair of gloves {Str+3}
MR       +++..                  o - +2 pair of boots
Stlth    ..........             l - amulet of Vitality {Regen+ HP+15}
HPRegen  0.00/turn              F - ring of the Good {rF+ Dex+3 SInv}
MPRegen  0.11/turn              A - ring of poison resistance

@: non-regenerating
A: damage resistance, heal wounds, large bone plates 1, camouflage 1, blurry
vision 1, clumsy 1, deterioration 1, dopey 2, magic resistance 1, negative
energy resistance 1, sense surroundings 3, robust 1, weak 1, no regeneration
}: 3/15 runes: serpentine, barnacled, abyssal
a: Heal Wounds, Minor Destruction, Lesser Servant of Makhleb, Major Destruction,
Greater Servant of Makhleb, Renounce Religion


You were on level 5 of the Depths.
You worshipped Makhleb.
Makhleb was extremely pleased with you.
You were full.

You visited 6 branches of the dungeon, and saw 33 of its levels.
You visited the Abyss 1 time.
You visited 1 bazaar.
You also visited: Ossuary and Gauntlet.

You collected 1811 gold pieces.
You spent 1469 gold pieces at shops.

Inventory:

Hand Weapons
 a - a +4 broad axe of freezing (weapon)
 D - a +3 dagger of distortion
 S - a +1 war axe of electrocution
Missiles
 U - 2 throwing nets (quivered)
Armour
 c - a +0 kite shield (worn)
 o - a +2 pair of boots (worn)
 q - a +0 helmet (worn)
 t - a +4 chain mail of poison resistance
 I - the +2 kite shield of Xupp {+Fly rCorr Str-5 Dex+2}
   (You took it off a minotaur in a Gauntlet)

   It affects your strength (-5).
   It affects your dexterity (+2).
   It lets you fly.
   It provides partial protection from all sources of acid and corrosion.
 J - the +0 plate armour "Leas" (worn) {rN++ rCorr Slay+2}
   (You took it off a minotaur in a Gauntlet)

   It affects your accuracy and damage with ranged weapons and melee attacks
   (+2).
   It greatly protects you from negative energy.
   It provides partial protection from all sources of acid and corrosion.
   If you remove this armour, your AC will decrease by 16 (27 -> 11).
 M - a +1 pair of gloves of strength (worn)
 O - a +2 cloak (worn)
 R - the cursed +0 helmet "Biusu" {rC- rN+ Int+7}
   (You bought it in a shop in a bazaar)

   It affects your intelligence (+7).
   It makes you vulnerable to cold.
   It protects you from negative energy.
   If you switch to wearing this armour, your AC will remain unchanged.
   It has a curse placed upon it.
Jewellery
 l - the amulet of Vitality (around neck) {Regen+ HP+15}
   (You found it on level 5 of the Dungeon)

   [amulet of regeneration]

   It affects your health (+15).
   It increases your rate of regeneration.
 y - an uncursed ring of protection from fire
 A - a ring of poison resistance (right hand)
 F - the ring of the Good (left hand) {rF+ Dex+3 SInv}
   (You bought it in a shop in a bazaar)

   [ring of see invisible]

   It affects your dexterity (+3).
   It protects you from fire.
   It lets you see invisible.
Wands
 b - a wand of acid (26) {@v1}
 s - a wand of flame (61)
 v - a wand of polymorph (15)
 G - a wand of paralysis (5)
 P - a wand of digging (4) {@v2}
Scrolls
 f - 24 scrolls of teleportation {@r2}
 p - 4 scrolls of magic mapping {@r5}
 u - 9 scrolls of remove curse {@r6}
 w - 5 scrolls of fog
 x - 4 scrolls of enchant armour
 B - a scroll of fear
 H - a scroll of vulnerability
 N - 5 scrolls of identify {@r1}
 T - a scroll of summoning
Potions
 d - a potion of curing {@q1}
 g - 5 potions of heal wounds {@q2}
 h - 3 potions of ambrosia
 i - 4 potions of cancellation
 j - 5 potions of stabbing {@q5}
 k - 3 potions of might {@q3}
 m - 3 potions of resistance {@q6}
 n - 2 potions of haste {@q4}
 r - 6 potions of lignification {@q7}
 z - 3 potions of berserk rage
 E - a potion of invisibility
 K - 2 potions of flight
Miscellaneous
 C - a lamp of fire
Comestibles
 e - 39 rations


   Skills:
 * Level 15.3 Fighting
 * Level 17.6 Axes
 - Level 13.1 Armour
 + Level 0.2 Dodging
 + Level 13.2 Shields
 * Level 19.9 Invocations


You had 17 spell levels left.
You didn't know any spells.
Your spell library was empty.

Dungeon Overview and Level Annotations

Branches:
Dungeon (15/15)            Temple (1/1) D:4            Lair (4/6) D:10
 Shoals (4/4) Lair:4        Snake (4/4) Lair:2          Orc (0/2) D:12
 Vaults (0/5) D:14         Depths (5/5) D:15        Ossuary (visited)
Gauntlet (visited)
    Zot: Depths:5

Altars:
Cheibriados
Dithmenos
Elyvilon
Fedhas
Gozag
Hepliaklqana
Kikubaaqudgha
Makhleb
Nemelex Xobeh
Okawaru
Qazlal
Ru
Trog
Vehumet
Wu Jian
Xom
Yredelemnul
Zin
The Shining One

Shops:
D:12 (   Snake:4 *

Portals:
Hell: Depths:2
Abyss: Depths:1
Ice
Cave: Shoals:2

Annotations:
Lair:4 3 runed translucent doors, Inarius's ghost, journeyman DrEE
Shoals:4 Polyphemus
Depths:2 exclusion: 4 doors


Innate Abilities, Weirdness & Mutations

You are resistant to damage.
You can heal yourself by infusing magical energy.
You resist negative energy. (rN+)
You passively map a large area around you.
You do not regenerate.
You are partially covered in large bone plates. (SH +4)
Your skin changes colour to match your surroundings (Stealth+).
Scrolls take you a little longer to read.
You are clumsy. (Dex -2)
Your body sometimes deteriorates upon taking damage.
You are very dopey. (Int -4)
You are resistant to hostile enchantments. (MR+)
You are robust. (+10% HP)
You are weak. (Str -2)


Message History

Your green death gestures at the spark wasp.
The poison arrow hits the juggernaut!!!
The juggernaut looks as sick as possible!
The great orb of eyes bites your balrug!
The yaktaur shoots a bolt.
The bolt hits your green death.
Your balrug hits the great orb of eyes with a +0 demon whip!
The great orb of eyes is engulfed in flames!!
Your green death hits the deep troll!!
You hear a shout!
You feel much better. The juggernaut hits you!!
* * * LOW HITPOINT WARNING * * *
The juggernaut barely misses you. You block the spark wasp's attack.
The deep troll closely misses your green death.
The deep troll claws your green death.
The deep troll barely misses your green death.
A spriggan air mage comes into view.
You block the spark wasp's attack.
The spriggan air mage waves its arms in wide circles.
The air twists around and strikes you. You block the spark wasp's attack.
Your balrug hits the great orb of eyes with a +0 demon whip!
The great orb of eyes is engulfed in flames!!
The great orb of eyes dies!
Makhleb accepts your kill.
Your green death gestures at the spark wasp.
The poison arrow hits the juggernaut!!
The juggernaut looks as sick as possible!
The ettin hits you but does no damage.
The ettin hits you with a +0 dire flail.
A bolt appears from out of your range of vision.
The bolt hits your green death! The deep troll bites your green death.
The deep troll closely misses your green death.
The deep troll claws your green death!
Your green death gestures at the deep troll.
The blast of poison engulfs the deep troll!
The deep troll is poisoned.
A large rock appears from out of your range of vision.
The large rock barely misses your balrug.
You are too injured to fight recklessly!
You are too injured to fight recklessly!
You are too injured to fight recklessly!
You are too injured to fight recklessly!
You are too injured to fight recklessly!
Your magical essence is drained by the effort!
You feel much better. You block the spark wasp's attack.
The deep troll is engulfed in poison gas.
The deep troll looks even sicker.
The deep troll completely misses your green death.
The deep troll claws your green death!
Your green death dies!
The spark wasp stings you but does no damage.
The yaktaur shoots a bolt.
The bolt hits your green death!
Your balrug gestures at the spark wasp.
The spark wasp is smitten.
You block the spark wasp's attack.
Your green death hits the juggernaut but does no damage.
You block the ettin's attack.
The ettin hits you with a +0 dire flail!!
The deep troll is engulfed in poison gas.
The deep troll is poisoned.
A large rock appears from out of your range of vision.
The large rock misses your balrug.
The deep troll shouts!
You hear a shout!
You fail to use your ability.
The deep troll dies!
Makhleb accepts your kill. The spark wasp stings you!
The spark wasp shocks you!
* * * LOW HITPOINT WARNING * * *
The deep troll is engulfed in poison gas.
The deep troll looks even sicker.
The spark wasp barely misses you.
A bolt appears from out of your range of vision.
The bolt hits your green death!!
The deep troll earth mage is engulfed in poison gas.
The deep troll earth mage is poisoned.
The deep troll bites your green death. The deep troll claws your green death!
Your green death dies!
The yaktaur shoots a bolt.
You block the bolt.
The spark wasp stings you but does no damage.
The deep troll is engulfed in poison gas.
The deep troll looks as sick as possible!
A large rock appears from out of your range of vision.
The large rock hits your balrug!
The juggernaut shouts!
Your magical essence is drained by the effort!
You feel much better. The juggernaut hits you!!!
* * * LOW HITPOINT WARNING * * *
You block the juggernaut's attack. You block the spark wasp's attack.
The ettin hits you with a +0 dire flail.
* * * LOW HITPOINT WARNING * * *
The ettin hits you but does no damage.
Your balrug gestures at the spark wasp.
The sticky flame hits the deep troll earth mage!
The deep troll earth mage is covered in liquid flames!
You block the spark wasp's attack.
The deep troll earth mage bites your balrug!
The deep troll earth mage claws your balrug!
The deep troll earth mage barely misses your balrug.
A tengu warrior comes into view. It is wielding a +1 battleaxe.
The spark wasp stings you.
* * * LOW HITPOINT WARNING * * *
The spark wasp shocks you!
You die...

,* * * ,, ,,, ,
,, * *
##c............ ,
,,...............
,,, ,
...............
,, , , ,
......(........,
, , , , , ,
........2..○...
,,,, , ,
........TT°☼...
,,, ,, , ,
......TCyD°i..Q ,
, ,
......C@yc..... ,
* *
#########c..### *
, ..# ,.# *, , #
* , ** * * * * ,*
* , ,,, , , , ,,
, , * , ≈ ≈ ,, ≈
, ≈≈≈ ≈ ≈ ≈ *


You could see a juggernaut, an ice dragon, an ettin, 2 spark wasps, a tengu
warrior, 2 deep trolls, a spriggan air mage, a deep troll earth mage (burning),
3 yaktaurs and a friendly balrug.

Vanquished Creatures
  A bone dragon (Abyss:3)
  Nikola (Depths:1)
  A tentacled starspawn (Abyss:3)
  Kirke (D:12)
  7 nagarajas (Snake:4)
  2 frost giants (Depths:2)
  3 fire giants
  A stone giant (Depths:4)
  6 very ugly things
  3 merfolk javelineers (Shoals:4)
  Josephine (D:12)
  3 merfolk impalers
  2 yaktaur captains
  A fire dragon (D:10)
  2 great orbs of eyes
  Erolcha (D:11)
  3 hydras
  11 naga warriors
  8 anacondas
  8 two-headed ogres
  A spriggan air mage (Depths:4)
  An alligator snapping turtle (Shoals:4)
  2 merfolk avatars (Shoals:4)
  5 centaur warriors
  2 merfolk aquamancers (Shoals:4)
  A death knight (D:15)
  4 deep troll shamans
  A death yak (Shoals:4)
  4 deep troll earth magi
  3 tengu warriors
  17 naga sharpshooters
  3 shock serpents (Snake:4)
  3 wretched stars (Abyss:3)
  2 iron trolls
  A salamander mystic (Snake:4)
  A spark wasp zombie (Depths:2)
  5 sea snakes
  5 naga ritualists (Snake:4)
  4 unseen horrors
  A glowing orange brain (Abyss:3)
  10 deep trolls
  A wizard (Depths:2)
  A sphinx zombie (Depths:2)
  A necromancer (Depths:2)
  7 mana vipers
  10 harpies
  3 ugly things
  4 cyclopes
  An oklob plant (D:10)
  5 manticores
  2 salamanders
  Maurice (D:13)
  2 wolf spiders
  A shadow dragon skeleton (Depths:2)
  10 guardian serpents
  15 black mambas
  16 naga magi
  5 merfolk sirens
  5 water nymphs (Shoals:4)
  A black mamba (shapeshifter) (Depths:1)
  10 spiny frogs
  4 gargoyles
  A rime drake (Lair:4)
  13 yaktaurs
  A freezing wraith (D:14)
  2 komodo dragons
  An efreet (D:15)
  A redback zombie (D:13)
  6 trolls
  5 meliai (Abyss:3)
  2 wind drakes (Shoals:4)
  2 ancient zymes (Abyss:3)
  A queen bee (Abyss:3)
  4 merfolk
  An elf skeleton (Depths:2)
  12 slime creatures
  5 snapping turtles
  13 hippogriffs
  A hippogriff (shapeshifter) (D:15)
  2 dream sheep (Shoals:4)
  A wyvern (shapeshifter) (D:13)
  2 shadows
  A ynoxinul (Abyss:3)
  A spriggan skeleton (Depths:2)
  6 wraiths
  2 large abominations (Abyss:3)
  A vampire (D:14)
  4 wyverns
  Eustachio (D:4)
  3 small abominations (Abyss:3)
  5 hogs
  A human (D:7)
  20 yaks
  4 basilisks
  7 water elementals
  6 vampire mosquitoes
  A hungry ghost (D:12)
  3 neqoxecs (Abyss:3)
  Menkaure (D:4)
  51 nagas
  3 acid dragons
  8 water moccasins
  A soldier ant (D:14)
  4 porcupines
  4 orc warriors
  2 black bears
  5 ice beasts
  4 phantoms
  5 sky beasts
  2 necrophages
  2 eyes of draining (D:13)
  6 wolves (Lair:3)
  10 ogres
  4 boggarts (Depths:2)
  19 centaurs
  6 crocodiles
  2 big kobolds
  20 bullfrogs
  3 gnoll sergeants
  A wyvern zombie (D:13)
  A wyvern skeleton (D:14)
  A water moccasin skeleton (D:7)
  10 scorpions
  12 killer bees
  3 wights (D:6)
  5 electric eels
  12 howler monkeys
  7 bullfrog zombies
  8 crimson imps
  4 quasits
  5 centaur zombies
  5 hounds
  7 centaur skeletons
  A gnoll shaman (D:8)
  3 jellies
  11 orc wizards
  4 bullfrog skeletons
  8 orc priests
  3 iguanas
  9 worker ants
  2 killer bee zombies (D:6)
  2 hound zombies
  7 hound skeletons
  A mummy (Ossuary)
  4 worker ant zombies
  A howler monkey zombie (D:6)
  28 gnolls
  13 adders
  5 shadow imps
  A white imp (Abyss:3)
  An ooze (D:6)
  3 adder zombies (D:6)
  A worm (D:4)
  A dart slug (D:1)
  4 leopard geckos
  39 orcs
  A bat (D:1)
  2 bat zombies (D:6)
  9 giant cockroaches
  A goblin (D:2)
  2 hobgoblins
  12 jackals
  4 quokkas
  3 frilled lizards
  A giant cockroach zombie (D:6)
  2 gnoll zombies (Ossuary)
  2 goblin zombies (Ossuary)
  3 hobgoblin zombies (Ossuary)
  15 kobolds
  3 kobold zombies (Ossuary)
  2 leopard gecko skeletons
  An orc zombie (Ossuary)
  A quokka skeleton (D:5)
  A quokka zombie (D:6)
  2 rats
  2 spectral goblins (Ossuary)
  3 spectral kobolds (Ossuary)
  2 fungi
  10 plants
  A starspawn tentacle (Abyss:3)
869 creatures vanquished.

Vanquished Creatures (collateral kills)
  Mennas (Depths:4)
  A tengu reaver (Depths:4)
  2 frost giants
  A stone giant (Depths:1)
  A minotaur (Gauntlet)
  A fire dragon (Depths:1)
  An ogre mage (Depths:1)
  A great orb of eyes (Depths:5)
  2 ice dragons
  3 hydras
  A merfolk avatar (Shoals:4)
  4 naga warriors (Snake:4)
  A tengu warrior (Depths:1)
  An anaconda (Snake:4)
  2 sea snakes (Shoals:4)
  A wizard (Depths:1)
  2 deep trolls
  2 naga ritualists (Snake:4)
  3 harpies (Shoals:4)
  A salamander (Snake:4)
  A mana viper (Snake:4)
  3 cyclopes
  A manticore (Shoals:4)
  A water nymph (Shoals:4)
  A guardian serpent (Snake:4)
  2 spiny frogs
  A yaktaur (Depths:1)
  4 merfolk (Shoals:4)
  2 wind drakes (Shoals:4)
  A hippogriff (D:12)
  2 slime creatures (Depths:1)
  2 dream sheep (Shoals:4)
  2 wyverns (Lair:3)
  A water elemental (Shoals:4)
  2 yaks (Lair:3)
  A hog (D:12)
  2 nagas (Snake:4)
  An orc warrior (D:12)
  2 bullfrogs
64 creatures vanquished.

Vanquished Creatures (others)
  Fannar (D:10)
  A vampire mage (Depths:1)
  A manticore (Shoals:4)
  A guardian serpent (Snake:4)
  A water elemental (Shoals:4)
  A naga (Snake:4)
  A worker ant (D:12)
  A fungus (Lair:4)
  35 plants
  3 starspawn tentacles (Abyss:3)
46 creatures vanquished.

Grand Total: 979 creatures vanquished

Notes
Turn   | Place    | Note
-------+----------+-------------------------------------------
     0 | D:1      | EnegeticOcto the Deep Dwarf Fighter began the quest for the
                  | Orb.
     0 | D:1      | Reached XP level 1. HP: 20/20 MP: 1/1
   164 | D:1      | Reached XP level 2. HP: 13/27 MP: 2/2
   317 | D:2      | Found an iron altar of Okawaru.
   324 | D:2      | Reached XP level 3. HP: 34/34 MP: 3/3
   527 | D:4      | Reached XP level 4. HP: 31/42 MP: 4/4
   534 | D:4      | Noticed a centaur
   541 | D:4      | Killed a centaur
   541 | D:4      | Reached XP level 5. HP: 23/50 MP: 5/5
   582 | D:4      | Noticed Menkaure
   597 | D:4      | Killed Menkaure
   597 | D:4      | Reached XP level 6. HP: 36/57 MP: 5/5
   826 | D:4      | Found a staircase to the Ecumenical Temple.
   832 | Temple   | Entered the Ecumenical Temple
   929 | Temple   | Became a worshipper of Makhleb the Destroyer
   943 | D:4      | Noticed Eustachio
   984 | D:4      | Killed Eustachio
   984 | D:4      | Reached skill level 5 in Axes
   984 | D:4      | Reached skill level 1 in Invocations
   984 | D:4      | Reached XP level 7. HP: 60/66 MP: 5/7
  1149 | D:4      | Reached skill level 2 in Invocations
  1254 | D:4      | Found an opulent altar of Gozag.
  1411 | D:5      | Entered Level 5 of the Dungeon
  1591 | D:5      | Reached skill level 5 in Fighting
  1591 | D:5      | Reached skill level 3 in Invocations
  1652 | D:5      | Found the amulet of Vitality {Regen+ HP+15}
  1670 | D:5      | Reached skill level 5 in Shields
  1765 | D:5      | Reached skill level 5 in Armour
  1765 | D:5      | Reached skill level 4 in Invocations
  1765 | D:5      | Reached XP level 8. HP: 47/74 MP: 8/10
  1826 | D:5      | Reached * piety under Makhleb
  2226 | D:5      | Reached skill level 5 in Invocations
  2643 | D:6      | Found a sand-covered staircase.
  2647 | Ossuary  | Entered an ossuary
  2664 | Ossuary  | Reached ** piety under Makhleb
  2936 | D:6      | Reached skill level 6 in Invocations
  3024 | D:6      | Gained mutation: You passively map the area around you.
                  | [Deep Dwarf growth]
  3024 | D:6      | Reached XP level 9. HP: 63/82 MP: 11/11
  3274 | D:6      | Reached skill level 7 in Invocations
  3448 | D:6      | Found an ancient bone altar of Kikubaaqudgha.
  3655 | D:7      | Reached *** piety under Makhleb
  3940 | D:7      | Reached skill level 8 in Invocations
  4042 | D:7      | Reached XP level 10. HP: 69/94 MP: 14/14
  4218 | D:7      | Found a stormy altar of Qazlal.
  4222 | D:7      | Reached **** piety under Makhleb
  4434 | D:7      | Found a sparkling altar of Nemelex Xobeh.
  4656 | D:8      | Reached skill level 9 in Invocations
  5023 | D:8      | Found a radiant altar of Vehumet.
  5274 | D:9      | Found an ornate altar of the Wu Jian Council.
  5309 | D:9      | Reached ***** piety under Makhleb
  5447 | D:9      | Noticed a two-headed ogre
  5454 | D:9      | Reached skill level 10 in Invocations
  5468 | D:9      | Killed a two-headed ogre
  5468 | D:9      | Reached XP level 11. HP: 74/104 MP: 16/16
  5563 | D:9      | Reached skill level 10 in Axes
  5645 | D:9      | Found a shimmering altar of Xom.
  5702 | D:10     | Entered Level 10 of the Dungeon
  5785 | D:10     | Noticed Fannar
  5819 | D:10     | Killed Fannar
  5898 | D:10     | Found a staircase to the Lair.
  5931 | D:10     | Found a glowing golden altar of the Shining One.
  6136 | D:10     | Killed an unseen horror
  6164 | D:10     | Noticed an oklob plant
  6202 | D:10     | Killed an oklob plant
  6399 | D:10     | Noticed a fire dragon
  6419 | D:10     | Killed a fire dragon
  6419 | D:10     | Reached skill level 11 in Invocations
  6727 | D:11     | Noticed Erolcha
  6750 | D:11     | Killed Erolcha
  7264 | D:11     | Noticed Psyche
  7264 | D:11     | Noticed a white ugly thing
  7266 | D:11     | Noticed Psyche
  7266 | D:11     | Psyche changed into Psyche the howler monkey
  7269 | D:11     | Killed Psyche the howler monkey
  7279 | D:11     | HP: 6/121 [white ugly thing (28)]
  7291 | D:11     | Killed a white ugly thing
  7371 | D:12     | Noticed an eight-headed hydra
  7458 | Lair:1   | Entered Level 1 of the Lair of Beasts
  7761 | Lair:1   | Reached XP level 12. HP: 96/116 MP: 13/13
  7922 | Lair:1   | Noticed a four-headed hydra
  7951 | Lair:1   | Killed a seven-headed hydra
  7951 | Lair:1   | Reached skill level 12 in Invocations
  8207 | Lair:2   | Found a staircase to the Snake Pit.
  8308 | Lair:2   | Noticed a five-headed hydra
  8325 | Lair:2   | Killed a seven-headed hydra
  8332 | Lair:2   | Noticed a seven-headed hydra
  8342 | Lair:2   | Killed an eight-headed hydra
  8342 | Lair:2   | Reached skill level 10 in Fighting
  8904 | Lair:3   | Found a gate leading to a gauntlet.
  8913 | Gauntlet | Entered a Gauntlet
  8913 | Gauntlet | Found a transporter.
  8913 | Gauntlet | Found a transporter.
  8913 | Gauntlet | Found a transporter.
  8914 | Gauntlet | Found a transporter.
  8918 | Gauntlet | Found a transporter.
  8920 | Gauntlet | Found a transporter.
  8924 | Gauntlet | Found a transporter.
  8927 | Gauntlet | Found a transporter.
  8929 | Gauntlet | Found a transporter.
  8929 | Gauntlet | Found a transporter.
  8937 | Gauntlet | Found a transporter.
  8940 | Gauntlet | Found a transporter.
  8948 | Gauntlet | Noticed an entropy weaver
  9038 | Gauntlet | Noticed a death scarab
  9040 | Gauntlet | Noticed a death scarab
  9146 | Gauntlet | Identified the cursed +0 plate armour "Leas" {rN++ rCorr
                  | Slay+2}
  9146 | Gauntlet | Identified the +2 kite shield of Xupp {+Fly rCorr Str-5
                  | Dex+2}
  9146 | Gauntlet | Identified the ring of Xeos {+Fly Str+2 Int+3 SInv}
  9146 | Gauntlet | Noticed a minotaur
  9176 | Gauntlet | Killed a minotaur
  9190 | Gauntlet | Identified the Grimoire of Protection
  9192 | Gauntlet | Identified Hono's Reference Book on Shape Shifting
  9218 | Lair:3   | Noticed a four-headed hydra
  9240 | Lair:3   | Killed a ten-headed hydra
  9460 | Lair:3   | Reached skill level 13 in Invocations
 10087 | Lair:4   | Reached XP level 13. HP: 124/124 MP: 11/11
 10264 | Lair:4   | Found a runed translucent gate.
 10264 | Lair:4   | Found a runed translucent gate.
 10264 | Lair:4   | Found a runed translucent gate.
 10264 | Lair:4   | Noticed Inarius's ghost (journeyman DrEE)
 10377 | Lair:4   | Found a staircase to the Shoals.
 10421 | Lair:4   | Gained mutation: Your skin changes colour to match your
                  | surroundings (Stealth+). [potion of mutation]
 10421 | Lair:4   | Gained mutation: You are clumsy. (Dex -2) [potion of
                  | mutation]
 10421 | Lair:4   | Gained mutation: You are resistant to hostile enchantments.
                  | (MR+) [potion of mutation]
 10421 | Lair:4   | Gained mutation: You are robust. (+10% HP) [potion of
                  | mutation]
 10535 | D:12     | Found a staircase to the Orcish Mines.
 10654 | D:12     | Found Benlucs's Weapon Shop.
 10749 | D:12     | Noticed Kirke
 10755 | D:12     | Reached skill level 14 in Invocations
 10768 | D:12     | Killed Kirke
 10831 | D:12     | Noticed Josephine
 10842 | D:12     | Killed Josephine
 10957 | D:13     | Reached ****** piety under Makhleb
 11130 | D:13     | Reached skill level 10 in Armour
 11130 | D:13     | Reached skill level 10 in Shields
 11167 | D:13     | Noticed Maurice
 11388 | D:13     | Killed Maurice
 11925 | D:14     | Gained mutation: You resist negative energy. (rN+) [Deep
                  | Dwarf growth]
 11925 | D:14     | Reached XP level 14. HP: 149/149 MP: 11/11
 12072 | D:14     | Found a gate to the Vaults.
 12079 | D:14     | Reached skill level 15 in Invocations
 12274 | D:15     | Entered Level 15 of the Dungeon
 12693 | D:15     | Found a flickering gateway to a bazaar.
 12808 | Bazaar   | Entered a bazaar
 12808 | Bazaar   | Found Awkocs's General Store.
 12827 | Bazaar   | Found Rynad's Jewellery Shoppe.
 12838 | Bazaar   | Found Vaen's Magic Scroll Boutique.
 12849 | Bazaar   | Found Souben's Antique Armour Emporium.
 12857 | Bazaar   | Bought a crude helmet for 285 gold pieces
 12857 | Bazaar   | Identified the cursed +0 helmet "Biusu" {rC- rN+ Int+7}
                  | (You bought it in a shop in a bazaar)
 12858 | Bazaar   | Found Vebaogot's Antique Weapon Emporium.
 12866 | Bazaar   | Bought a broad axe for 144 gold pieces
 12898 | Bazaar   | Bought the ring of the Good {rF+ Dex+3 SInv} for 458 gold
                  | pieces
 12916 | Bazaar   | Bought a scroll of teleportation for 48 gold pieces
 12916 | Bazaar   | Bought a scroll of enchant armour for 120 gold pieces
 12916 | Bazaar   | Bought a scroll of enchant weapon for 120 gold pieces
 12916 | Bazaar   | Bought a scroll of teleportation for 48 gold pieces
 12916 | Bazaar   | Bought a scroll of immolation for 56 gold pieces
 13210 | D:15     | Found a staircase to the Depths.
 13528 | Snake:1  | Entered Level 1 of the Snake Pit
 13776 | Snake:2  | Reached skill level 16 in Invocations
 14282 | Snake:3  | Reached XP level 15. HP: 134/160 MP: 13/13
 14299 | Snake:4  | Entered Level 4 of the Snake Pit
 14407 | Snake:4  | Reached skill level 15 in Axes
 14497 | Snake:4  | Found Jousk's General Store.
 14512 | Snake:4  | Bought a scroll of summoning for 190 gold pieces
 14653 | Snake:4  | Noticed a nagaraja
 14655 | Snake:4  | Noticed a nagaraja
 14655 | Snake:4  | Noticed a nagaraja
 14659 | Snake:4  | Reached skill level 17 in Invocations
 14659 | Snake:4  | Killed a nagaraja
 14659 | Snake:4  | Killed a nagaraja
 14660 | Snake:4  | Killed a nagaraja
 14662 | Snake:4  | Noticed a nagaraja
 14671 | Snake:4  | Killed a nagaraja
 14672 | Snake:4  | Noticed a nagaraja
 14673 | Snake:4  | Reached XP level 16. HP: 129/172 MP: 13/13
 14745 | Snake:4  | Got a serpentine rune of Zot
 15187 | Snake:1  | Reached skill level 18 in Invocations
 15266 | Shoals:1 | Entered Level 1 of the Shoals
 15462 | Shoals:2 | Found a frozen archway.
 15483 | Shoals:4 | Entered Level 4 of the Shoals
 15887 | Shoals:4 | Noticed Polyphemus
 15919 | Shoals:4 | HP: 9/191 [Polyphemus (14)]
 16055 | Shoals:4 | Got a barnacled rune of Zot
 16409 | D:15     | Cast into level 3 of the Abyss (a distortion unwield)
 16541 | Abyss:3  | Gained mutation: You are partially covered in large bone
                  | plates. (SH +4) [a neqoxec]
 16563 | Abyss:3  | Gained mutation: You are weak. (Str -2) [a neqoxec]
 16629 | Abyss:3  | Gained mutation: Your body sometimes deteriorates upon
                  | taking damage. [mutagenic glow]
 16651 | Abyss:3  | Noticed a bone dragon
 16657 | Abyss:3  | Gained mutation: You are dopey. (Int -2) [mutagenic glow]
 16679 | Abyss:3  | Reached XP level 17. HP: 168/184 MP: 13/13
 16685 | Abyss:3  | Killed a bone dragon
 16704 | Abyss:3  | Gained mutation: You are very dopey. (Int -4) [mutagenic
                  | glow]
 16752 | Abyss:3  | Gained mutation: Scrolls take you much longer to read.
                  | [mutagenic glow]
 16764 | Abyss:3  | Reached skill level 19 in Invocations
 16785 | Abyss:3  | Got an abyssal rune of Zot
 16814 | D:15     | Escaped the Abyss
 17097 | Depths:1 | Entered Level 1 of the Depths
 17097 | Depths:1 | Found a one-way gate to the infinite horrors of the Abyss.
 17132 | Depths:1 | Noticed Nikola
 17149 | Depths:1 | Killed Nikola
 17284 | Depths:2 | Reached skill level 15 in Fighting
 17355 | Depths:2 | Found a gateway to Hell.
 17787 | Depths:4 | Noticed Mennas
 17822 | Depths:4 | Killed Mennas
 17943 | Depths:5 | Entered Level 5 of the Depths
 17945 | Depths:5 | Noticed a juggernaut
 17948 | Depths:5 | Gained mutation: You passively map a large area around you.
                  | [Deep Dwarf growth]
 17948 | Depths:5 | Reached XP level 18. HP: 135/195 MP: 11/11
 17955 | Depths:5 | HP: 8/210 [ettin/+0 dire flail (5)]
 17955 | Depths:5 | Slain by a spark wasp

Levels and vault maps discovered:
D:1:      giann_wishing_wells, layout_rooms
D:2:      layout_loops_corners, okawaru_gym_becter,
          chequers_temple_overflow_statue_of_worship,
          chequers_serial_rivers_micro_c, minmay_hedge_maze
D:3:      layout_basic, amethyst_overflow_temple_binary
D:4:      layout_basic, temple_green, grunt_gozag_breadcrumbs, uniq_menkaure,
          uniq_eustachio
D:5:      kennysheep_windowed_halls, layout_loops_ring, first_ration,
          minivault_11
D:6:      layout_basic, lemuel_zombie_altar_kikubaaqudgha,
          nicolae_ossuary_entry_false_entrances, serial_undead, serial_undead_c,
          serial_undead_a, serial_undead_d, serial_undead_d, serial_undead_c,
          serial_undead_f
D:7:      layout_basic, kennysheep_little_box, nemelex_altar_shiori,
          grunt_ministairs_7, grunt_livestock
D:8:      layout_basic, lemuel_round_altar, minmay_quadrilaterals
D:9:      layout_roguey, overflow_temple_1_default, kennysheep_mini_moat
D:10:     dragon1_lemuel, layout_loops_ring, dpeg_oklobed_lair, tso_metal_star,
          uniq_fannar
D:11:     layout_roguey, minivault_1, uniq_erolcha, uniq_psyche
D:12:     layout_rooms, orc_david_3, uniq_josephine, uniq_kirke
D:13:     layout_roguey, serial_bayou, serial_bayou_pond_b, serial_bayou_ford_a,
          uniq_maurice
D:14:     layout_roguey, david_vaults_4, minmay_misc_feat_four_crosses
D:15:     grunt_enter_depths_snipers, layout_cave_pods, serial_park,
          serial_park_square1 [serial_park_minivault_5x5_7], serial_park_tiny_2,
          serial_park_square3 [serial_park_minivault_5x5_5],
          serial_park_tiny_pond, serial_park_tiny_pond, serial_shops,
          bzr_entry_safe, glass_columns_a
Temple:   jpeg_temple_clearing
Lair:1:   layout_long_grid, grunt_megastairs_1, lemuel_fruit_tree
Lair:2:   layout_gridlike, dummy_snake_entry, serial_bayou_pond_d,
          chequers_serial_rivers_micro_e
Lair:3:   layout_hall_layers, gauntlet_entry_generic,
          chequers_serial_rivers_micro_d
Lair:4:   layout_regular_city, minmay_shoals_entry_hut,
          gammafunk_ghost_necromancy, infiniplex_staircase_pool
Shoals:1: layout_shoals, nicolae_shoals_loop_pool
Shoals:2: layout_shoals, portal_ice_cave_entry_pillars_2,
          nicolae_shoals_stone_sculpture_thing
Shoals:3: layout_shoals
Shoals:4: shoals_end_simple, layout_shoals, uniq_polyphemus
Snake:1:  nicolae_snakescales, layout_cave_pods, serial_shops,
          nicolae_shop_stone
Snake:2:  layout_grid_maze
Snake:3:  layout_onion
Snake:4:  johnstein_snake_rune_scales, layout_cave_shapes, serial_shops,
          nicolae_shop_temple_entry_statues_fountains
Depths:1: layout_cave_shapes, lightli_too_deep, abyss_entry, serial_shops,
          nicolae_shop_temple_entry_statues_fountains,
          serial_sigils_hangedman_shear, grunt_ministairs_9,
          kennysheep_another_room, wad_floor_pattern_1, minmay_holes,
          nicolae_lava_and_water, chequers_decorated_corner, uniq_nikola
Depths:2: hangedman_slaughterboxes, hell_entry
Depths:3: hangedman_elemental_death_ray, layout_gridville, enter_ziggurat_e,
          nicolae_trove_entry_free_sample, abyss_entry,
          grunt_pan_entry_in_and_out, hell_entry, hangedman_decor_riveting,
          grunt_ministairs_1, minmay_shop_star, minmay_staircase_windowed_large,
          uniq_jory, uniq_boris
Depths:4: minmay_the_grid_octo_triangle [minmay_the_grid_octo_fan_narrow,
          minmay_the_grid_octo_prize_big_c, minmay_the_grid_octo_odd_swirl],
          layout_twisted_cross, pan_entry, serial_bayou_lagoon_a,
          minmay_room_of_horrors, hell_entry, corner_web_ring, glass_columns_a,
          lemuel_statue_altar, uniq_mennas
Depths:5: lemuel_castle_with_subvaults [lemuel_castle_interior_carwin_3],
          layout_cross, pf_hell_entry_tar_spiral, minmay_shop_grove

Skill      XL: |  1  2  3  4  5  6  7  8  9 10 11 12 13 14 15 16 17 |
---------------+----------------------------------------------------+-----
Fighting       | 3 4 5 6 7 8 9 10 11 12 13 14 15 | 15.3
Axes           | 3 4 5 7 8 9 11 12 13 14 15 16 17 | 17.6
Shields        | 4 5 6 7 8 9 10 11 12 13 | 13.2
Armour         | 4 5 6 7 8 9 10 11 12 13 | 13.1
Invocations    | 1 4 6 8 10 11 13 14 16 17 18 19 | 19.9
Dodging        | |  0.2

Action                   |  1- 3 |  4- 6 |  7- 9 | 10-12 | 13-15 | 16-18 || total
-------------------------+-------+-------+-------+-------+-------+-------++-------
Melee: War axe           |    93 |    69 |   606 |   991 |   541 |       ||  2300
       Broad axe         |       |       |       |       |   368 |   750 ||  1118
Invok: Lesser Servant of |       |       |       |    14 |     5 |    12 ||    31
       Greater Servant o |       |       |       |       |     2 |    11 ||    13
 Abil: Heal Wounds       |     2 |     6 |    10 |    45 |    13 |    44 ||   120
Evoke: Wand              |       |       |       |    11 |     5 |       ||    16
       Lamp of fire      |       |       |       |       |       |     1 ||     1
  Use: Scroll            |       |       |    17 |     7 |    13 |     4 ||    41
       Potion            |       |       |       |       |     2 |     5 ||     7
 Stab: Distracted        |       |       |       |     1 |     4 |     3 ||     8
       Petrified         |       |       |       |       |       |     3 ||     3
       Petrifying        |       |       |       |       |       |     1 ||     1
  Eat: Chunk             |       |       |     9 |    18 |     9 |     6 ||    42
       Ration            |       |       |     1 |     1 |     3 |     3 ||     8
Armor: Scale mail        |    52 |   122 |    51 |       |       |       ||   225
       Chain mail        |       |       |   302 |   644 |       |       ||   946
       Plate armour      |       |       |       |    70 |   807 |   474 ||  1351
Dodge: Dodged            |    41 |    70 |   187 |   322 |   229 |   181 ||  1030
Block: Kite shield       |    52 |    84 |   363 |   673 |   722 |   597 ||  2491

Table legend:
 A = Non-vault XP
 B = Vault XP
 C = Vault XP percentage of total XP
 D = Non-vault monster count
 E = Vault monster count
 F = Vault count percentage of total count
                 A         B        C        D         E       F
            +---------+---------+-------+---------+---------+-------
      Total |  171088 |  120244 |  41.3 |     661 |     266 |  28.7
            +---------+---------+-------+---------+---------+-------
        D:1 |      15 |       0 |   0.0 |       8 |       0 |   0.0
        D:2 |      32 |       0 |   0.0 |      11 |       0 |   0.0
        D:3 |      35 |       0 |   0.0 |       6 |       0 |   0.0
        D:4 |     517 |     377 |  42.2 |      19 |       2 |   9.5
        D:5 |     817 |     425 |  34.2 |      25 |      17 |  40.5
        D:6 |    1469 |     344 |  19.0 |      30 |      17 |  36.2
        D:7 |    1292 |    1142 |  46.9 |      38 |       6 |  13.6
        D:8 |    1287 |     102 |   7.3 |      29 |       3 |   9.4
        D:9 |    3990 |       0 |   0.0 |      39 |       0 |   0.0
       D:10 |    1711 |    2298 |  57.3 |      17 |       3 |  15.0
       D:11 |    2060 |    1084 |  34.5 |      21 |       2 |   8.7
       D:12 |    8685 |    4619 |  34.7 |      45 |      15 |  25.0
       D:13 |    7919 |    1695 |  17.6 |      32 |       7 |  17.9
       D:14 |    5922 |    1145 |  16.2 |      24 |       2 |   7.7
       D:15 |   10017 |    4922 |  32.9 |      29 |       9 |  23.7
     Lair:1 |    3893 |     145 |   3.6 |      17 |       1 |   5.6
     Lair:2 |    3727 |       0 |   0.0 |      15 |       0 |   0.0
     Lair:3 |    5847 |       0 |   0.0 |      27 |       0 |   0.0
     Lair:4 |    4786 |     262 |   5.2 |      22 |       1 |   4.3
   Shoals:1 |    3774 |       0 |   0.0 |       7 |       0 |   0.0
   Shoals:2 |    3302 |       0 |   0.0 |       6 |       0 |   0.0
   Shoals:4 |   13387 |   17862 |  57.2 |      32 |      34 |  51.5
    Snake:1 |    6054 |       0 |   0.0 |      11 |       0 |   0.0
    Snake:2 |    9271 |       0 |   0.0 |      20 |       0 |   0.0
    Snake:3 |   10578 |       0 |   0.0 |      20 |       0 |   0.0
    Snake:4 |   24774 |   39430 |  61.4 |      52 |      64 |  55.2
   Depths:1 |   11131 |    4538 |  29.0 |      24 |       6 |  20.0
   Depths:2 |       0 |   21786 | 100.0 |       0 |      33 | 100.0
   Depths:4 |   11623 |    6627 |  36.3 |      13 |       3 |  18.8
   Depths:5 |    1804 |       0 |   0.0 |       3 |       0 |   0.0
    Abyss:3 |   11369 |   10298 |  47.5 |      19 |      21 |  52.5
    Ossuary |       0 |      35 | 100.0 |       0 |      17 | 100.0
   Gauntlet |       0 |    1108 | 100.0 |       0 |       3 | 100.0
            +---------+---------+-------+---------+---------+-------
